AoeStats
← 76561199111261343

Arabia

510340289Analyzed
1v1 RM · 2d ago on Sep 30, 2026· 43m 54s· 2 players
Game mode
Random Map
Map size
Tiny (2 player)
Population
200
Speed
Normal
Resources
Standard
Victory
Conquest
Starting age
Dark Age
Ending age
Imperial Age
RankedLock teamsTeams togetherTeam positionsShared explorationLock speedFull tech treeHidden civsTurbo modeCheats
Victory
Defeat
🇪🇸 Magyars · Spain
628
+18
🇮🇳 Inca · India
666
-18
rastus2406
11:47 Feudal Age
14:22 Bloodlines
19:51 Scale Barding Armor
20:31 Horse Collar
24:24 Castle Age
22:30 Double-Bit Axe
24:13 Fletching
24:25 Padded Archer Armor
25:38 Gold Mining
28:17 Bodkin Arrow
30:11 Thumb Ring
32:31 Fervor
33:03 Gold Shaft Mining
32:22 Stone Mining
32:48 Bow Saw
32:55 Husbandry
33:19 Heavy Plow
42:36 Imperial Age
43:04 Corvinian Army
43:15 Elite Magyar Huszar
44:26 Parthian Tactics
76561199111261343
12:54 Feudal Age
14:20 Town Watch
14:22 Loom
20:08 Horse Collar
23:12 Double-Bit Axe
27:25 Castle Age
27:02 Scale Mail Armor
27:00 Gold Mining
27:14 Padded Archer Armor
27:18 Champi Runner
27:30 Pikeman
28:02 Elite Skirmisher
28:36 Crossbowman
29:40 Squires
32:02 Heavy Plow
32:36 Leather Archer Armor
35:57 Wheelbarrow
35:27 Stone Mining
36:17 Treadmill Crane
37:14 Champi Warrior
41:31 Fletching
45:45 Imperial Age
Connection lost

Rejoining the realm…

Still unreachable

The connection could not be restored.

Session expired

The server has moved on; the page needs a fresh start.